Cogmind - Beta 13 --- EXPLORER MODE // 2024.04.21 @ 22:03:15 Player: Pyrox Result: Destroyed by G-47 Trooper with Particle Gun Performance ------------- Evolutions (0) 0 Regions Visited (1) 200 Robots Destroyed (9) 45 Value Destroyed (287) 287 Prototype IDs (0) 0 Alien Tech Used (0) 0 Bonus (0) 0 TOTAL SCORE: 532 Bonus ------- None Cogmind --------- Core Integrity 0/250 Matter 300/300 Energy 100/100 System Corruption 0% Temperature Cool (21) Movement Core (200) Ox3 Location -10/Materials Parts ------- > --- POWER (1) -------- (None) > --- PROPULSION (2) --- (None) > --- UTILITY (3) ------ Medium Storage Unit > --- WEAPON (2) ------- (None) > --- INVENTORY (10) --- Ion Engine Light Ion Engine Light Treads Light Treads Medium Battery (150) Large Battery (200) Sensor Array Sensor Array Light Armor Plating Peak State ------------ > --- POWER ------------ Ion Engine > --- PROPULSION ------- Aluminum Leg Aluminum Leg > --- UTILITY ---------- Medium Storage Unit Targeting Computer Weapon Shielding > --- WEAPON ----------- EM Pulse Gun Medium Laser > --- INVENTORY -------- Ion Engine Light Ion Engine Light Treads Light Treads Medium Battery Medium Battery Large Battery Sensor Array Light Armor Plating Medium Laser [Rating: 9] Favorites ----------- Power Ion Engine Engine Ion Engine Propulsion Aluminum Leg Leg Aluminum Leg Utility Medium Storage Unit Storage Medium Storage Unit Processor Targeting Computer Protection Weapon Shielding Weapon Medium Laser Energy Gun Medium Laser Build | -11 -10 ------- Run | Yrd Mat Slots Evolved 1 | . 1 Power . | . . Propulsion . | . . Utility 1 | . 1 Weapon . | . . Parts Attached 3 | . 3 Power 1 | . 1 Engine 1 | . 1 Core . | . . Reactor . | . . Propulsion . | . . Treads . | . . Leg . | . . Wheel . | . . Hover . | . . Flight . | . . Utility 1 | . 1 Device . | . . Storage . | . . Processor 1 | . 1 Hackware . | . . Protection . | . . Artifact . | . . Weapon 1 | . 1 Energy Gun 1 | . 1 Energy Cannon . | . . Ballistic Gun . | . . Ballistic Cannon . | . . Launcher . | . . Special Weapon . | . . Impact Weapon . | . . Slashing Weapon . | . . Piercing Weapon . | . . Special Melee Weapon . | . . Unidentified Prototypes . | . . Parts Lost 8 | . 8 Power 1 | . 1 Propulsion 2 | . 2 Utility 2 | . 2 Weapon 3 | . 3 Highest Loss Streak 8 | . 8 To Critical Strikes . | . . Average Slot Usage (%) 88 | . 88 Engine 11 | . 11 Leg 23 | . 23 Storage 12 | . 12 Processor 7 | . 7 Protection 10 | . 10 Energy Gun 21 | . 21 Naked Turns . | . . Heaviest Build 20 | 20 20 Greatest Support 20 | 20 20 Greatest Overweight (x) 3 | . 3 Average Overweight (x) . | . . Largest Inventory Capacity 10 | 10 10 Average Capacity 10 | 10 10 Most Carried 10 | 7 10 Average Carried 8 | 7 9 Final Capacity 10 | 10 10 Final Carried 9 | 7 9 Class Distribution -------------------- 100% | Hacker-Mutant Dominant Class ---------------- Hacker-Mutant | -10/Materials Resources | -11 -10 ----------- Run | Yrd Mat Matter Collected 286 | 200 86 Remotely . | . . Salvage Created 391 | . 391 Parts 18 | . 18 Haulers Intercepted . | . . Recyclers Shooed . | . . Parts Field Recycled . | . . Retrieved Matter . | . . Parts Self-Destructed . | . . Prevented . | . . Kills | -11 -10 ------- Run | Yrd Mat Combat Hostiles Destroyed 6 | . 6 Guns 3 | . 3 AOE 3 | . 3 Classes Destroyed 4 | . 4 Builder 1 | . 1 Recycler 1 | . 1 Watcher 1 | . 1 Grunt 6 | . 6 Best Kill Streak 5 | . 5 Combat Bots Only 3 | . 3 Max Kills in Single Turn 2 | . 2 Gunslinging . | . . Exploded 1 | . 1 Melee . | . . Uniques/NPCs Destroyed . | . . Combat | -11 -10 -------- Run | Yrd Mat Hostile Shots Fired 105 | . 105 Missed 21 | . 21 Damage Taken 750 | . 750 Core 252 | . 252 Absorbed by Shields . | . . Redirected to Shielding 51 | . 51 Ignored by Resistances 434 | . 434 Core Remaining (%) 100 | 100 . Volleys Fired 22 | . 22 Largest 2 | . 2 Hottest 100 | . 100 Shots Fired 42 | . 42 Gun 42 | . 42 Cannon . | . . Launcher . | . . Special . | . . Kinetic . | . . Thermal 28 | . 28 Explosive . | . . Electromagnetic 14 | . 14 Robot Hit Streak 23 | . 23 Robot Miss Streak 1 | . 1 Penetration Max . | . . Secondary Targets 1 | . 1 Max Gunslinging Chain 1 | . 1 Shots Hit Robots 41 | . 41 Core Hits 23 | . 23 Critical Kills . | . . Critical Parts Destroyed . | . . Critical Strikes 4 | . 4 Burn 3 | . 3 Corrupt 1 | . 1 Melee Attacks . | . . Impact . | . . Slashing . | . . Piercing . | . . Sneak Attacks . | . . Combat Hostiles . | . . Follow-up Attacks . | . . Damage Inflicted 795 | . 795 Guns 511 | . 511 Cannons . | . . Explosions 264 | . 264 Melee . | . . Ramming 20 | . 20 Kinetic . | . . Thermal 590 | . 590 Explosive . | . . Electromagnetic 185 | . 185 Impact . | . . Slashing . | . . Piercing . | . . Highest Corruption . | . . Average Corruption . | . . Corruption Purged . | . . Corruption Blocked . | . . Overload Shots . | . . Overflow Damage . | . . Projectiles . | . . Explosions . | . . Melee . | . . Knockbacks . | . . Impact . | . . Kinetic . | . . Secondary . | . . Self-Inflicted Damage 26 | . 26 Shots 1 | . 1 Rammed 4 | . 4 Targets Rammed 11 | . 11 Kicked 7 | . 7 Crushed . | . . Highest Temperature 603 | . 603 Average Temperature 225 | . 225 Received Heat Transfer 609 | . 609 Effects 18 | . 18 Shutdowns 2 | . 2 Energy Bleed 2 | . 2 Interference 2 | . 2 Matter Decay 3 | . 3 Short Circuit 1 | . 1 Damage (minor) 3 | . 3 Damage (major) 4 | . 4 Damage (core) 1 | . 1 Siege Activations . | . . Robots Corrupted . | . . Combat Hostiles . | . . Parts Fried . | . . Impact Corruptions . | . . Robots Melted . | . . Combat Hostiles . | . . Parts Melted . | . . Heat Transferred 1434 | . 1434 Parts Sabotaged . | . . Parts Stolen . | . . Parts Stripped . | . . Power Chain Reactions 4 | . 4 Alert | -11 -10 ------- Run | Yrd Mat Peak Influence 224 | . 224 Initial . | . . Average 62 | . 70 Maximum Alert Level 1 | . 1 Low Security (%) 91 | 100 90 Level 1 8 | . 9 Level 2 . | . . Level 3 . | . . Level 4 . | . . Level 5 . | . . High Security . | . . Max Security . | . . Squads Dispatched 2 | . 2 Investigation 2 | . 2 Extermination . | . . Reinforcement . | . . Assault . | . . Garrison . | . . Intercept . | . . Searches Triggered . | . . Construction Impeded . | . . Haulers Reinforced . | . . Active Scanning Responses . | . . Cargo Convoy Interrupts . | . . Stealth | -11 -10 --------- Run | Yrd Mat Distress Signals . | . . Communications Jammed . | . . Distress Signals . | . . Times Spotted 10 | . 10 Peak Tracking Total 5 | . 5 Tactical Retreats . | . . Traps | -11 -10 ------- Run | Yrd Mat Traps Triggered 1 | . 1 Indirectly . | . . Trap Hack Attempts . | . . Triggered . | . . Disarmed . | . . Reprogrammed . | . . Reused . | . . Traps Extracted . | . . Installed . | . . Triggered . | . . Machines | -11 -10 ---------- Run | Yrd Mat Machines Disabled 3 | . 3 Max in Single Turn 1 | . 1 Machines Repaired . | . . Machines Dismantled . | . . Machines Sabotaged . | . . Overloaded Fab Kills . | . . Hacking | -11 -10 --------- Run | Yrd Mat Machines Accessed 3 | . 3 Terminals 3 | . 3 Fabricators . | . . Repair Stations . | . . Recycling Units . | . . Scanalyzers . | . . Garrison Access . | . . Total Hacks 11 | . 11 Successful 8 | . 8 Failed 3 | . 3 Catastrophic . | . . Database Lockouts . | . . Manual . | . . Terminals 11 | . 11 Fabricators . | . . Repair Stations . | . . Recycling Units . | . . Scanalyzers . | . . Garrison Access . | . . Terminal Hacks 8 | . 8 Record 4 | . 4 Branch Access Points 1 | . 1 Alert Level 1 | . 1 Locate Traps 1 | . 1 Zone Layout 1 | . 1 Fabricator Hacks . | . . Repair Station Hacks . | . . Recycling Unit Hacks . | . . Scanalyzer . | . . Garrison Access Hacks . | . . Unauthorized Hacks . | . . Terminals . | . . Fabricators . | . . Repair Stations . | . . Recycling Units . | . . Scanalyzers . | . . Garrison Access . | . . Data Cores Recovered . | . . Used . | . . Hacking Detections 3 | . 3 Full Trace Events 3 | . 3 Feedback Events . | . . Feedback Blocked . | . . Robot Schematics Acquired . | . . Robots Built . | . . Authchips . | . . Time . | . . Total Robot Build Rating . | . . Part Schematics Acquired . | . . Parts Built . | . . Authchips . | . . Time . | . . Total Part Build Rating . | . . Parts Repaired . | . . Time . | . . Parts Recycled . | . . Recycled Matter . | . . Retrieved Matter . | . . Retrieved Components . | . . Parts Scanalyzed . | . . Part Schematics Acquired . | . . Parts Damaged . | . . Bothacking | -11 -10 ------------ Run | Yrd Mat Used RIF Installer . | . . Robots Hacked . | . . Non-combat . | . . Combat . | . . Robot Hacks Applied . | . . Relay Couplers Released . | . . Fabnet Peak Effective % . | . . Robots Rewired . | . . Allies Hacked . | . . Hacks Repelled . | . . Allies | -11 -10 -------- Run | Yrd Mat Total Allies . | . . Largest Group . | . . Highest-Rated Group . | . . Highest-Rated Ally . | . . Total Orders . | . . Ally Attacks . | . . Total Damage . | . . Kills . | . . Allies Corrupted . | . . Allies Melted . | . . Intel | -11 -10 ------- Run | Yrd Mat Robot Analysis Total . | . . Derelict Logs Recovered . | . . Drone Launches . | . . Drone Recoveries . | . . Exploration | -11 -10 ------------- Run | Yrd Mat Turns Passed 392 | 46 346 Spaces Moved 251 | 39 212 Core 2 | . 2 Treads . | . . Legs 249 | 39 210 Wheels . | . . Hover . | . . Flight . | . . Fastest Speed 120 | 120 120 Average Speed 120 | 120 121 Slowest Speed 200 | 120 200 Overloaded Moves . | . . Propulsion Burnouts . | . . Robots Hopped . | . . Cave-ins Triggered . | . . Exploration Rate (%) 19 | 3 35 Regions Visited 1 Branch Regions . Pre-discovered Areas . | . . Known Exits Taken 1 | 1 . Unknown Exits Taken . | . . Scrap Searched . | . . Spaces Dug . | . . Terrain Destroyed 9 | . 9 Melee . | . . Projectile . | . . AOE 9 | . 9 Terrain Rammed . | . . Walls Destroyed . | . . Machines Disabled . | . . Actions | -11 -10 --------- Run | Yrd Mat Total 294 | 38 256 Wait . | . . Move 250 | 38 212 Hop . | . . Pick Up 6 | . 6 Fast Attach . | . . Attach 2 | . 2 Detach . | . . Swap 1 | . 1 Drop 2 | . 2 Fire 22 | . 22 Melee . | . . Ram 4 | . 4 Kick 7 | . 7 Crush . | . . Escape Stasis . | . . Rewire . | . . Trap . | . . Miscellaneous . | . . Route ------- -11/Scrapyard -10/Materials (discovered 3 exits: Mat / Min x2) History --------- Turn | Location | Event 1 | -11/Scrapyard | Identified exit to Materials 1 | -11/Scrapyard | Discovered exit to Materials (range 3) 47 | -11/Scrapyard | Entered Materials 47 | -10/Materials | Evolved 1 slot: Utility x1 139 | -10/Materials | Identified exit to Mines 269 | -10/Materials | Identified exit to Materials 269 | -10/Materials | Discovered exit to Materials (range 13) 311 | -10/Materials | Build established: Hacker-Mutant 355 | -10/Materials | Core integrity fell below 50% 386 | -10/Materials | Core integrity fell below 20% 393 | -10/Materials | Destroyed by G-47 Trooper with Particle Gun Last Messages --------------- 00377_ K-01 Serf collects debris. 00377_ Kicked G-34 Mercenary. 00380_ K-01 Serf collects debris. 00381_ Kicked G-34 Mercenary. 00381_ U-05 Engineer builds a Wall. 00382_ Aluminum Leg destroyed. 00382_ Slammed into G-34 Mercenary. 00383_ M-13 Machinist destroyed. 00384_ K-01 Serf collects debris. 00384_ Slammed into G-34 Mercenary. 00385_ Acquired 39 matter. 00385_ G-34 Mercenary suffers critical hit (Burn). 00386_ Slammed into G-34 Mercenary. 00387_ Targeting Computer destroyed. 00388_ K-01 Serf collects debris. 00389_ U-05 Engineer lays Concrete. 00389_ R-06 Scavenger collects Recalibrator. 00391_ K-01 Serf collects debris. 00392_ Slammed into G-34 Mercenary. 00392_ R-06 Scavenger collects Imp. Heat Sink. Map ----- +----------------------------------------------------+ | #?????### ###???## # # # ??? | | #???????# #??????# # """ # # ??? | | #???????# #??????# # """ # ########??? | | "" #??????##+######## ! ! # R" # # ??? | | "" #??????# # !! # """ # < # ??? | | "" #??????# # # # # ??? | | ####??????# """ """ ####+######+### + ??? | | ??????????# """ """ # # "T" ??? | | ??????????# """ """ + # ??? | | ??????????# # ######??? | | ??????????# # "" ###########???????? | | ??????????# #% =##????????????????? | | ??????????########## %! " !% #????????????????? | | ?????????????# #* %! #????????????????? | | ?????????????# ## =% #????????????????? | | ?????????????# " ##= | "*=##????????????????? | | ?????????????# """## ="""%=#?????????????????? | | ?????????????# """##*%"""==#?????????????????? | | ?????????????# """## #?????????????????? | | ?????????????? "" ## #?????????????????? | | ?????????????# """## """ #?????????????????? | | ?????????????# ""## """ #?????????????????? | | ?????????????# """## " " ########??????????? | | ?????????????# " ## kg # #??????????? | | ?????????????# ## =! # #??????????? | | ???????????? ##+##### "g@%*# ! #??????????? | | ??????????? " r + #??????????? | | ?????????>? a " %g # "T" #??????????? | | ??????????? # """ #??????????? | | ???????????? ## u ########??????????? | | ??????????????# "" #?????????????????? | | ??????????????# """ #?????????????????? | | ??????????????# """ #?????????????????? | | ??????????????# #?????????????????? | | ?????????????# #????????????????? | | ?????????????# ???????????????? | | ?????????????# ??????????????? | | ?????????????# ^ ?????????????? | | ?????????????? ###+#????????????? | | ??????????????############## #?? ???????????? | | ???????????????????????????? #???* ??????????? | | ???????????????????????????? #???? *?????????? | | ???????????????????????????? #????? *!????????? | | ???????????????????????????? #??????!! ???????? | | ???????????????????????????? #???????##???????? | | ???????????????????????????? #????????????????? | | ???????????????????????????? ?????????????????? | | ??????????????????????????????????????????????? | | ??????????????????????????????????????????????? | | ??????????????????????????????????????????????? | +----------------------------------------------------+ Best States ------------- Heat Dissipation 25 Energy Generation 10 Energy Capacity 250 Matter Stores 300 Matter Capacity 300 Sight Range 16 Terrain Scan Density 10 Resistance: KI 35 Resistance: TH 35 Resistance: EX 35 Resistance: EM 35 Resistance: I 35 Resistance: S 35 Resistance: P 35 Weapon Shielding 33 Evasion (%) 55 Targeting Accuracy 5 Offensive Hacking 20 Item Schematics ----------------- None Robot Schematics ------------------ None Fabricated ------------ Nothing Alien Tech Used ----------------- None Achievements -------------- None Challenges ------------ None Game ------ Seed TerrainRainbowExoskeleton Manual? 0 Play Time 00:09:25 Cumulative 4.5 hours Start 2024.04.21 @ 01:43:47 End 2024.04.21 @ 22:03:15 Sessions 2 Manual Loads 0 Difficulty Explorer Special Mode None Game No. 2 Rogue 0 Adventurer 0 Explorer 2 Win Type - Total 0 Types 0/0/0/0/0/0/0/0/0 Lore% 2 Gallery% 6 Achievement% 12 Wizard Run 0 Options --------- Layout 1 ASCII 0 Keyboard 0 Movement Arrows Keybinds 0 Fullscreen 0 Font 24/Terminus Map View 58x45 Zoom Use 0% Tactical HUD 1 Map Filters NONE Filters NONE Steam 0 RUN: f4134110-89ff-47b6-853f-73237cbc89fe